 Dungeon Crawl Stone Soup version 0.19-a0-1261-g420a265 (webtiles) character file.

13 Banto the Skirmisher (level 2, 0/25 HPs)
             Began as a Demigod Wanderer on Aug 29, 2016.
             Slain by a jackal (1 damage)
             ... on level 1 of the Dungeon.
             The game lasted 00:01:18 (375 turns).

Banto the Skirmisher (Demigod Wanderer)              Turns: 375, Time: 00:01:18

Health: 0/25       AC:  2    Str: 17    XL:     2   Next: 12%
Magic:  4/4        EV: 11    Int: 17    God:
Gold:   12         SH:  0    Dex: 12    Spells: 0 memorised, 1 level left

rFire  . . .     SeeInvis .     a - +2 short sword
rCold  . . .     Gourm    .     d - +0 robe
rNeg   . . .     Faith    .     (no shield)
rPois  .         Spirit   .     (no helmet)
rElec  .         Dismiss  .     (no cloak)
rCorr  .         Reflect  .     (no gloves)
MR     .....     Harm     .     (no boots)
Stlth  ++........               (no amulet)
                                (no ring)
                                (no ring)

@: no status effects
A: high mp 1
a: no special abilities


You were on level 1 of the Dungeon.
You were not hungry.

You visited 1 branch of the dungeon, and saw 1 of its levels.

You collected 12 gold pieces.

Inventory:

Hand Weapons
 a - a +2 short sword (weapon)
 e - a +0 dagger
Armour
 d - a +0 robe (worn)
Scrolls
 h - 2 scrolls of identify {unknown}
Potions
 b - a potion of curing
 c - a potion of lignification
 g - a potion of mutation {unknown}
 i - a potion of agility {unknown}
Comestibles
 f - a bread ration


   Skills:
 + Level 2.6 Fighting
 - Level 1.7 Short Blades
   Level 1.0 Bows
 - Level 1.7 Armour
 - Level 1.0 Dodging
 - Level 1.7 Stealth


You had one spell level left.
You didn't know any spells.

Dungeon Overview and Level Annotations

Branches:
Dungeon (1/15)


Innate Abilities, Weirdness & Mutations

You have an increased reservoir of magic. (+10% MP)


Message History

You take 2 damage, and have 7/25 hp.
You barely miss the jackal. The jackal bites you.
* * * LOW HITPOINT WARNING * * *
The jackal closely misses you. The jackal barely misses you. x2
The jackal bites you but does no damage.
The jackal bites you.
* * * LOW HITPOINT WARNING * * *
A jackal comes into view.
You take 2 damage, and have 5/25 hp.
You hit the jackal.
The jackal is severely wounded.
The jackal barely misses you. x2; The jackal bites you.
* * * LOW HITPOINT WARNING * * *
The jackal closely misses you. The jackal bites you.
* * * LOW HITPOINT WARNING * * *
The jackal barely misses you.
You completely miss the jackal.
The jackal is severely wounded.
The jackal misses you.
The jackal barely misses you. x2; The jackal bites you.
You die...

#.. .. #...# #.##
#.##### #...
....#.#...... .###...
####.... .#####
......##.....# #
.##.....#.##..#### #
.................# #
#...hh#.##..##.# #
#...h@.......#.#######
.......h####...........)
###..#..####.#.#.#######
#. #.................# #
#.#####.#.#.#####.# .h
...#.#.# #.# ...
#####.#.# #.. ...
####.#.#####.#
#.............


You could see 5 jackals.

Vanquished Creatures
  A dart slug (D:1)
  A goblin (D:1)
  4 jackals (D:1)
  2 kobolds (D:1)
  A bat (D:1)
  A giant newt (D:1)
10 creatures vanquished.

Notes
Turn   | Place    | Note
-------+----------+-------------------------------------------
     0 | D:1      | Banto the Demigod Wanderer began the quest for the Orb.
     0 | D:1      | Banto set off with: a +2 short sword, a potion of curing, a potion of lignification, a +0 robe, a +0 dagger, a bread ration
     0 | D:1      | Reached XP level 1. HP: 17/17 MP: 3/3
    78 | D:1      | Reached skill level 2 in Fighting
   336 | D:1      | Reached XP level 2. HP: 19/25 MP: 4/4
   374 | D:1      | HP: 1/25 [jackal (1)]
   375 | D:1      | Slain by a jackal

Vault maps used:
D:1:      minmay_arrival_checkered_box, minmay_strange_pillars

Skill      XL: |  1 |
---------------+----+-----
Fighting       | 2 |  2.6
Short Blades   | |  1.7
Bows           | |  1.0
Armour         | |  1.7
Dodging        | |  1.0
Stealth        | |  1.7

Action                   || total
-------------------------++-------
Melee: Short sword       ||    37
 Stab: Sleeping          ||     2
Armor: Robe              ||    14
Dodge: Dodged            ||    39

Table legend:
 A = Turns spent in this place as a percentage of turns spent in the entire game.
 B = Non-inter-level travel turns spent in this place as a percentage of non-inter-level travel turns spent in the entire game.
 C = Inter-level travel turns spent in this place as a percentage of turns spent in this place.
 D = Turns resting spent in this place as a percentage of non-inter-level travel turns spent in this place.
 E = Turns spent auto-exploring this place as a percentage of non-inter-level travel turns spent in this place.
 F = Non-inter-level travel turns spent in this place divided by the number of levels of this place that you've seen.
                   A       B       C       D       E      F
               +-------+-------+-------+-------+-------+----------------------
         Total | 100.0 | 100.0 |   0.0 |   2.4 |   7.3 | 164.0
       Dungeon | 100.0 | 100.0 |   0.0 |   2.4 |   7.3 | 164.0
               +-------+-------+-------+-------+-------+----------------------

Table legend:
 A = Kills in this place as a percentage of kills in entire the game.
 B = Kills by you in this place as a percentage of kills by you in the entire game.
 C = Kills by friends in this place as a percentage of kills by friends in the entire game.
 D = Other kills in this place as a percentage of other kills in the entire game.
 E = Experience gained in this place as a percentage of experience gained in the entire game.
 F = Experience gained in this place divided by the number of levels of this place that you have seen.
                   A       B       C       D       E      F
               +-------+-------+-------+-------+-------+----------------------
         Total | 100.0 | 100.0 |  -nan |  -nan | 100.0 |  19.0
       Dungeon | 100.0 | 100.0 |  -nan |  -nan | 100.0 |  19.0
               +-------+-------+-------+-------+-------+----------------------
